| TOP OF THE 1ST |
|
Kingsport Mets batting - Pitching for Washington (APP) Nationals : RHP Matt Norris
|
|
Pitching: RHP Matt Norris
|
|
|
Batting: SHB Tyler Maddux
|
0-0: Ball 1-0: Ball 2-0: Ball 3-0: Base on Balls
|
|
Batting: LHB Jeremy Moorehead
|
0-0: Called Strike Tyler Maddux steals 2nd base 0-1: Ball 1-1: TRIPLE (Line Drive, 78XD, EV 101.2 MPH) Tyler Maddux scores
|
|
Batting: LHB Dan Bremseth
|
0-0: Ball 1-0: Foul Ball, location: 2F 1-1: Ball 2-1: Foul Ball, location: 2F 2-2: Ball 3-2: Ground out 6-3 (Groundball, 6, EV 86.9 MPH) Jeremy Moorehead scores
|
|
Batting: LHB Miguel Ramos
|
0-0: Ball 1-0: Ball 2-0: Foul Ball, location: 2F 2-1: Ball 3-1: Foul Ball, location: 2F 3-2: Base on Balls
|
|
Batting: SHB Nick Daigle
|
0-0: DOUBLE (Flyball, 8RXD, EV 112.5 MPH) Miguel Ramos to third
|
|
Batting: LHB Matt Baker
|
0-0: Foul Ball, location: 2F 0-1: Ball 1-1: Ball 2-1: SINGLE (Flyball, 9S, EV 98.1 MPH) Miguel Ramos scores Nick Daigle to third
|
|
Batting: RHB Chris Graham
|
0-0: Ball 1-0: Called Strike 1-1: Foul Ball, location: 2F 1-2: Grounds into double play, 5-4-3 (Groundball, 56, EV 103.1 MPH)
|
| Top of the 1st over - 3 runs, 3 hits, 0 errors, 1 left on base; Kingsport 3 - Washington (APP) 0 |
| BOTTOM OF THE 1ST |
|
Washington (APP) Nationals batting - Pitching for Kingsport Mets : RHP Andy Carrell
|
|
Pitching: RHP Andy Carrell
|
|
|
Batting: RHB Justin Van Houten
|
0-0: Foul Ball, location: 2F 0-1: Ball 1-1: Ball 2-1: Swinging Strike 2-2: Ball 3-2: Strikes out swinging
|
|
Batting: LHB Vince McLane
|
0-0: Foul Ball, location: 2F 0-1: Called Strike 0-2: Strikes out swinging
|
|
Batting: RHB Antonio Laurel
|
0-0: Ball 1-0: SOLO HOME RUN (Flyball, 7D, EV 105.6 MPH), Distance : 399 ft
|
|
Batting: RHB Justin Davenport
|
0-0: Ball 1-0: Foul Ball, location: 2F 1-1: Ball 2-1: Ball 3-1: Base on Balls
|
|
Batting: RHB Antonio Vallez
|
0-0: Ground out U3 (Groundball, 3S, EV 85.6 MPH)
|
| Bottom of the 1st over - 1 run, 1 hit, 0 errors, 1 left on base; Kingsport 3 - Washington (APP) 1 |
| TOP OF THE 2ND |
|
Kingsport Mets batting - Pitching for Washington (APP) Nationals : RHP Matt Norris
|
|
Batting: RHB Coltin Nellis
|
0-0: Called Strike 0-1: Fly out, F8 (Line Drive, 78D, EV 95.6 MPH)
|
|
Batting: RHB Andy Carrell
|
0-0: Fly out, F8 (Flyball, 8RM, EV 97.5 MPH)
|
|
Batting: SHB Tyler Maddux
|
0-0: Foul Ball, location: 2F 0-1: Called Strike 0-2: Ball 1-2: Strikes out looking
|
| Top of the 2nd over - 0 runs, 0 hits, 0 errors, 0 left on base; Kingsport 3 - Washington (APP) 1 |
| BOTTOM OF THE 2ND |
|
Washington (APP) Nationals batting - Pitching for Kingsport Mets : RHP Andy Carrell
|
|
Batting: LHB Chance McWilliams
|
0-0: Foul Ball, location: 2F 0-1: SINGLE (Groundball, 4MD, EV 98.1 MPH)
|
|
Batting: RHB Jessie Fisher
|
0-0: Swinging Strike 0-1: Foul Ball, location: 2F 0-2: Ball 1-2: Foul Ball, location: 2F 1-2: Ball 2-2: Fly out, F8 (Flyball, 8RXD, EV 93.8 MPH)
|
|
Batting: RHB Jelexiz Cuenca
|
0-0: Ball 1-0: Ball Wild Pitch! Chance McWilliams to second 2-0: Swinging Strike 2-1: Foul Ball, location: 2F 2-2: Strikes out swinging
|
|
Batting: RHB Jason Ewert
|
0-0: Swinging Strike 0-1: Ball 1-1: Foul Ball, location: 2F 1-2: Ball 2-2: Foul Ball, location: 2F 2-2: Ball 3-2: Base on Balls
|
|
Batting: RHB Justin Van Houten
|
0-0: Called Strike 0-1: Ball 1-1: Swinging Strike 1-2: Foul Ball, location: 2F 1-2: Ball Wild Pitch! Chance McWilliams to third Jason Ewert to second 2-2: Strikes out swinging
|
| Bottom of the 2nd over - 0 runs, 1 hit, 0 errors, 2 left on base; Kingsport 3 - Washington (APP) 1 |
| TOP OF THE 3RD |
|
Kingsport Mets batting - Pitching for Washington (APP) Nationals : RHP Matt Norris
|
|
Batting: LHB Jeremy Moorehead
|
0-0: Called Strike 0-1: Ball 1-1: Swinging Strike 1-2: Ball 2-2: Foul Ball, location: 2F 2-2: Ball 3-2: SINGLE (Groundball, 56D, EV 107.5 MPH)
|
|
Batting: LHB Dan Bremseth
|
0-0: Ball 1-0: Ball 2-0: Ball 3-0: Base on Balls Jeremy Moorehead to second
|
|
Batting: LHB Miguel Ramos
|
0-0: 3-RUN HOME RUN (Flyball, 9D, EV 93.1 MPH), Distance : 357 ft
|
|
Batting: SHB Nick Daigle
|
0-0: Ball 1-0: Ball 2-0: Called Strike 2-1: Ball 3-1: Swinging Strike 3-2: Base on Balls
|
|
Pitching: LHP Leo Gutierrez
|
|
|
Batting: LHB Matt Baker
|
0-0: Foul Ball, location: 2F 0-1: Ball Wild Pitch! Nick Daigle to second 1-1: Swinging Strike 1-2: Strikes out swinging
|
|
Batting: RHB Chris Graham
|
0-0: Fly out, F3 (Popup, 3SF, EV 73.8 MPH)
|
|
Batting: RHB Coltin Nellis
|
0-0: Intentional Walk
|
|
Batting: RHB Andy Carrell
|
0-0: Ball 1-0: Called Strike 1-1: SINGLE (Line Drive, 89S, EV 93.8 MPH) Nick Daigle to third Coltin Nellis to second
|
|
Batting: SHB Tyler Maddux
|
0-0: Ball 1-0: Called Strike 1-1: Ball 2-1: Called Strike 2-2: Strikes out swinging
|
| Top of the 3rd over - 3 runs, 3 hits, 0 errors, 3 left on base; Kingsport 6 - Washington (APP) 1 |
| BOTTOM OF THE 3RD |
|
Washington (APP) Nationals batting - Pitching for Kingsport Mets : RHP Andy Carrell
|
|
Batting: LHB Vince McLane
|
0-0: Ball 1-0: SOLO HOME RUN (Flyball, 89XD, EV 108.1 MPH), Distance : 402 ft
|
|
Batting: RHB Antonio Laurel
|
0-0: Called Strike 0-1: Ball 1-1: Ball 2-1: Swinging Strike 2-2: Ground out 6-3 (Groundball, 6, EV 83.8 MPH)
|
|
Batting: RHB Justin Davenport
|
0-0: Called Strike 0-1: Foul Ball, location: 2F 0-2: Ball 1-2: Ball 2-2: Ball 3-2: SINGLE (Groundball, 4MD, EV 98.1 MPH)
|
|
Batting: RHB Antonio Vallez
|
0-0: 2-RUN HOME RUN (Flyball, 9D, EV 93.1 MPH), Distance : 351 ft
|
|
Batting: LHB Chance McWilliams
|
0-0: Called Strike 0-1: Ground out 5-3 (Groundball, 5L, EV 83.8 MPH)
|
|
Batting: RHB Jessie Fisher
|
0-0: Ball 1-0: Swinging Strike 1-1: Ground out 6-3 (Groundball, 56, EV 104.4 MPH)
|
| Bottom of the 3rd over - 3 runs, 3 hits, 0 errors, 0 left on base; Kingsport 6 - Washington (APP) 4 |
| TOP OF THE 4TH |
|
Kingsport Mets batting - Pitching for Washington (APP) Nationals : LHP Leo Gutierrez
|
|
Batting: LHB Jeremy Moorehead
|
0-0: Swinging Strike 0-1: Swinging Strike 0-2: Foul Ball, location: 2F 0-2: Ball 1-2: Strikes out swinging, 2-3 out at first.
|
|
Batting: LHB Dan Bremseth
|
0-0: Ball 1-0: Swinging Strike 1-1: Ball 2-1: Swinging Strike 2-2: Strikes out looking
|
|
Batting: LHB Miguel Ramos
|
0-0: Ball 1-0: Ground out 4-3 (Groundball, 34S, EV 91.2 MPH)
|
| Top of the 4th over - 0 runs, 0 hits, 0 errors, 0 left on base; Kingsport 6 - Washington (APP) 4 |
| BOTTOM OF THE 4TH |
|
Washington (APP) Nationals batting - Pitching for Kingsport Mets : RHP Andy Carrell
|
|
Batting: RHB Jelexiz Cuenca
|
0-0: Ground out 5-3 (Groundball, 56, EV 109.4 MPH)
|
|
Batting: RHB Jason Ewert
|
0-0: Ball 1-0: Ground out 3-1 (Groundball, 34, EV 106.9 MPH)
|
|
Batting: RHB Justin Van Houten
|
0-0: Ball 1-0: Foul Ball, location: 2F 1-1: Foul Ball, location: 2F 1-2: Ball 2-2: Ball 3-2: Strikes out swinging
|
| Bottom of the 4th over - 0 runs, 0 hits, 0 errors, 0 left on base; Kingsport 6 - Washington (APP) 4 |
| TOP OF THE 5TH |
|
Kingsport Mets batting - Pitching for Washington (APP) Nationals : LHP Leo Gutierrez
|
|
Batting: SHB Nick Daigle
|
0-0: Ground out 3-1 (Groundball, 34, EV 93.8 MPH)
|
|
Batting: LHB Matt Baker
|
0-0: Called Strike 0-1: SINGLE (Groundball, 5L, EV 102.5 MPH)
|
|
Batting: RHB Chris Graham
|
0-0: Ball 1-0: Called Strike 1-1: Ball 2-1: Called Strike 2-2: Fielders Choice at 2nd, 1-6 (Groundball, 34S, EV 70.6 MPH)
|
|
Batting: RHB Coltin Nellis
|
0-0: Ball 1-0: Ball 2-0: Ground out 4-3 (Groundball, 34, EV 81.9 MPH)
|
| Top of the 5th over - 0 runs, 1 hit, 0 errors, 1 left on base; Kingsport 6 - Washington (APP) 4 |
| BOTTOM OF THE 5TH |
|
Washington (APP) Nationals batting - Pitching for Kingsport Mets : RHP Andy Carrell
|
|
Batting: LHB Vince McLane
|
0-0: Called Strike 0-1: Foul Ball, location: 2F 0-2: Ball 1-2: Foul Ball, location: 2F 1-2: SINGLE (Groundball, 4MD, EV 105.6 MPH)
|
|
Batting: RHB Antonio Laurel
|
0-0: Fly out, F8 (Flyball, 8LS, EV 88.8 MPH)
|
|
Batting: RHB Justin Davenport
|
0-0: Foul Ball, location: 2F 0-1: Ball 1-1: Foul Ball, location: 2F 1-2: Strikes out swinging
|
|
Batting: RHB Antonio Vallez
|
0-0: Foul Ball, location: 2F 0-1: Ball Vince McLane steals 2nd base 1-1: Foul Ball, location: 2F 1-2: Foul Ball, location: 2F 1-2: Strikes out swinging
|
| Bottom of the 5th over - 0 runs, 1 hit, 0 errors, 1 left on base; Kingsport 6 - Washington (APP) 4 |
| TOP OF THE 6TH |
|
Kingsport Mets batting - Pitching for Washington (APP) Nationals : LHP Leo Gutierrez
|
|
Pitching: RHP Manny Mendoza
|
|
|
Batting: RHB Andy Carrell
|
0-0: Ball 1-0: Ball 2-0: SINGLE (Groundball, 4D, EV 103.1 MPH)
|
|
Batting: SHB Tyler Maddux
|
0-0: Fly out, F8 (Line Drive, 8LM, EV 92.5 MPH)
|
|
Batting: LHB Jeremy Moorehead
|
0-0: Called Strike 0-1: Ball 1-1: Called Strike 1-2: Strikes out looking
|
|
Batting: LHB Dan Bremseth
|
0-0: Called Strike 0-1: Ball 1-1: Swinging Strike 1-2: Ball 2-2: Foul Ball, location: 2F 2-2: Foul Ball, location: 2F 2-2: Ball 3-2: Foul Ball, location: 2F 3-2: Base on Balls Andy Carrell to second
|
|
Batting: LHB Miguel Ramos
|
0-0: Foul Ball, location: 2F 0-1: Ball 1-1: Fly out, F8 (Flyball, 8LXD, EV 102.5 MPH)
|
| Top of the 6th over - 0 runs, 1 hit, 0 errors, 2 left on base; Kingsport 6 - Washington (APP) 4 |
| BOTTOM OF THE 6TH |
|
Washington (APP) Nationals batting - Pitching for Kingsport Mets : RHP Andy Carrell
|
|
Pitching: RHP Rob Fennell
|
|
|
Batting: LHB Chance McWilliams
|
0-0: Ball 1-0: Called Strike 1-1: Ground out 3-1 (Groundball, 34, EV 105.6 MPH)
|
|
Batting: RHB Jessie Fisher
|
0-0: Ball 1-0: Ball 2-0: Ball 3-0: Called Strike 3-1: Swinging Strike 3-2: Strikes out swinging
|
|
Batting: RHB Jelexiz Cuenca
|
0-0: Called Strike 0-1: Swinging Strike 0-2: Foul Ball, location: 2F 0-2: Ball 1-2: Foul Ball, location: 2F 1-2: Ball 2-2: Foul Ball, location: 2F 2-2: Foul Ball, location: 2F 2-2: SINGLE (Groundball, 6MD, EV 109.4 MPH)
|
|
Pitching: RHP Pat Sprague
|
|
|
Batting: RHB Jason Ewert
|
0-0: Ball 1-0: Foul Ball, location: 2F 1-1: Foul Ball, location: 2F 1-2: Strikes out swinging
|
| Bottom of the 6th over - 0 runs, 1 hit, 0 errors, 1 left on base; Kingsport 6 - Washington (APP) 4 |
| TOP OF THE 7TH |
|
Kingsport Mets batting - Pitching for Washington (APP) Nationals : RHP Manny Mendoza
|
|
Pitching: RHP Cheng-ho Tai
|
|
|
Batting: SHB Nick Daigle
|
0-0: Called Strike 0-1: Called Strike 0-2: Strikes out swinging
|
|
Batting: LHB Matt Baker
|
0-0: Called Strike 0-1: DOUBLE (Flyball, 78D, EV 104.4 MPH)
|
|
Batting: RHB Chris Graham
|
0-0: Called Strike 0-1: Ball 1-1: Swinging Strike 1-2: SINGLE (Groundball, 5D, EV 110.0 MPH) Matt Baker to third
|
|
Batting: RHB Coltin Nellis
|
0-0: Ball 1-0: Ball 2-0: Ball 3-0: Base on Balls Chris Graham to second
|
|
Batting: RHB Andy Carrell
|
0-0: Swinging Strike 0-1: Called Strike 0-2: Foul Ball, location: 2F 0-2: GRAND SLAM HOME RUN (Flyball, 7D, EV 98.1 MPH), Distance : 387 ft
|
|
Pitching: RHP Omar Perez
|
|
|
Batting: SHB Tyler Maddux
|
0-0: Ball 1-0: SINGLE (Groundball, 34D, EV 102.5 MPH)
|
|
Batting: LHB Jeremy Moorehead
|
0-0: Ball Tyler Maddux is caught stealing 2nd base 2-6 1-0: Ball 2-0: Called Strike 2-1: Ball 3-1: Base on Balls
|
|
Batting: LHB Dan Bremseth
|
0-0: Ball Passed Ball! Jeremy Moorehead to second 1-0: Called Strike 1-1: Ball 2-1: Swinging Strike 2-2: Foul Ball, location: 2F 2-2: Ball 3-2: Base on Balls
|
|
Batting: LHB Miguel Ramos
|
0-0: Called Strike 0-1: Called Strike 0-2: DOUBLE (Flyball, 8LXD, EV 100.6 MPH) Jeremy Moorehead scores Dan Bremseth to third Runner from 3rd tries for Home, SAFE, throw by CF to trailing runner, SAFE at third!
|
|
Pinch Hitting: RHB Warren Carmichael
|
0-0: Ball 1-0: Called Strike 1-1: Called Strike 1-2: Ball 2-2: Ball 3-2: Foul Ball, location: 2F 3-2: SINGLE (Flyball, 5D, EV 90.6 MPH) Miguel Ramos scores
|
|
Pitching: LHP Mike Rosas
|
|
|
Batting: LHB Matt Baker
|
0-0: Ball 1-0: Called Strike 1-1: Called Strike 1-2: Foul Ball, location: 2F 1-2: Ball 2-2: Ball 3-2: Strikes out looking
|
| Top of the 7th over - 7 runs, 6 hits, 0 errors, 1 left on base; Kingsport 13 - Washington (APP) 4 |
| BOTTOM OF THE 7TH |
|
Washington (APP) Nationals batting - Pitching for Kingsport Mets : RHP Pat Sprague
|
|
Now at 2B: Jason Jones
|
|
|
Batting: RHB Justin Van Houten
|
0-0: Foul Ball, location: 2F 0-1: Swinging Strike 0-2: Fly out, F8 (Flyball, 89D, EV 110.6 MPH)
|
|
Batting: LHB Vince McLane
|
0-0: Ball 1-0: Ball 2-0: Called Strike 2-1: Ground out 5-3 (Groundball, 56S, EV 70.0 MPH)
|
|
Batting: RHB Antonio Laurel
|
0-0: Ball 1-0: Called Strike 1-1: Ball 2-1: SINGLE (Groundball, 3D, EV 108.1 MPH)
|
|
Batting: RHB Justin Davenport
|
0-0: Ball Wild Pitch! Antonio Laurel to second 1-0: Called Strike 1-1: Ball 2-1: Called Strike 2-2: Foul Ball, location: 2F 2-2: Ball 3-2: Base on Balls
|
|
Batting: RHB Antonio Vallez
|
0-0: Called Strike 0-1: 3-RUN HOME RUN (Flyball, 7D, EV 110.6 MPH), Distance : 409 ft
|
|
Batting: LHB Chance McWilliams
|
0-0: Ball 1-0: Ball 2-0: Ball 3-0: Called Strike 3-1: Swinging Strike 3-2: Strikes out swinging
|
| Bottom of the 7th over - 3 runs, 2 hits, 0 errors, 0 left on base; Kingsport 13 - Washington (APP) 7 |
| TOP OF THE 8TH |
|
Kingsport Mets batting - Pitching for Washington (APP) Nationals : LHP Mike Rosas
|
|
Batting: RHB Chris Graham
|
0-0: SOLO HOME RUN (Flyball, 7LD, EV 94.4 MPH), Distance : 358 ft
|
|
Batting: RHB Coltin Nellis
|
0-0: Called Strike 0-1: SINGLE (Groundball, 56D, EV 94.4 MPH)
|
|
Batting: RHB Andy Carrell
|
0-0: Ground out U3 (Groundball, 3S, EV 80.6 MPH) Coltin Nellis to second
|
|
Batting: SHB Tyler Maddux
|
Pickoff Throw to Second - Out! 0-0: Ground out U3 (Groundball, 3L, EV 105.6 MPH)
|
| Top of the 8th over - 1 run, 2 hits, 0 errors, 0 left on base; Kingsport 14 - Washington (APP) 7 |
| BOTTOM OF THE 8TH |
|
Washington (APP) Nationals batting - Pitching for Kingsport Mets : RHP Pat Sprague
|
|
Batting: RHB Jessie Fisher
|
0-0: Ball 1-0: Ball 2-0: Ball 3-0: Called Strike 3-1: Base on Balls
|
|
Batting: RHB Jelexiz Cuenca
|
0-0: Ball 1-0: Ball 2-0: Ball 3-0: Called Strike 3-1: Foul Ball, location: 2F 3-2: Base on Balls Jessie Fisher to second
|
|
Batting: RHB Jason Ewert
|
0-0: Fly out, F8 (Flyball, 8LD, EV 102.5 MPH)
|
|
Pinch Hitting: LHB Elias Posada
|
0-0: 3-RUN HOME RUN (Flyball, 89XD, EV 95.6 MPH), Distance : 389 ft
|
|
Pitching: LHP Tony Diaz
|
|
|
Batting: LHB Vince McLane
|
0-0: Fly out, F3 (Popup, 34, EV 66.9 MPH)
|
|
Batting: RHB Antonio Laurel
|
0-0: Called Strike 0-1: Ball 1-1: Called Strike 1-2: SINGLE (Groundball, 56D, EV 101.9 MPH)
|
|
Batting: RHB Justin Davenport
|
0-0: Swinging Strike 0-1: Foul Ball, location: 2F 0-2: DOUBLE (Line Drive, 5D, EV 103.8 MPH) Antonio Laurel to third Runner from 3rd tries for Home, throw by LF and OUT! 7-6-2
|
| Bottom of the 8th over - 3 runs, 3 hits, 0 errors, 1 left on base; Kingsport 14 - Washington (APP) 10 |
| TOP OF THE 9TH |
|
Kingsport Mets batting - Pitching for Washington (APP) Nationals : LHP Mike Rosas
|
|
Pitching: RHP John Kovach
|
|
|
Now in CF: Elias Posada
|
|
|
Batting: LHB Jeremy Moorehead
|
0-0: Foul Ball, location: 2F 0-1: Called Strike 0-2: Foul Ball, location: 2F 0-2: Ground out 4-3 (Groundball, 34D, EV 90.0 MPH)
|
|
Batting: LHB Dan Bremseth
|
0-0: Ball 1-0: Called Strike 1-1: DOUBLE (Line Drive, 7LS, EV 98.1 MPH)
|
|
Batting: LHB Miguel Ramos
|
0-0: Intentional Walk
|
|
Batting: LHB Jason Jones
|
0-0: Ball 1-0: Ball 2-0: Foul Ball, location: 2F 2-1: Ball 3-1: Foul Ball, location: 2F 3-2: Base on Balls Dan Bremseth to third Miguel Ramos to second
|
|
Batting: LHB Matt Baker
|
0-0: DOUBLE (Groundball, 3D, EV 105.6 MPH) Dan Bremseth scores Miguel Ramos scores Jason Jones to third
|
|
Batting: RHB Chris Graham
|
0-0: Called Strike 0-1: Called Strike 0-2: Strikes out swinging
|
|
Batting: RHB Coltin Nellis
|
0-0: Ball 1-0: Ball 2-0: Called Strike 2-1: Ball 3-1: SINGLE (Line Drive, 8RS, EV 92.5 MPH) Jason Jones scores Matt Baker to third
|
|
Pitching: RHP Halewijn Bos
|
|
|
Batting: RHB Andy Carrell
|
0-0: Fly out, F4 (Line Drive, 34D, EV 68.8 MPH)
|
| Top of the 9th over - 3 runs, 3 hits, 0 errors, 2 left on base; Kingsport 17 - Washington (APP) 10 |
| BOTTOM OF THE 9TH |
|
Washington (APP) Nationals batting - Pitching for Kingsport Mets : LHP Tony Diaz
|
|
Batting: RHB Antonio Vallez
|
0-0: Ball 1-0: Called Strike 1-1: Ball 2-1: Ball 3-1: Called Strike 3-2: Base on Balls
|
|
Batting: LHB Chance McWilliams
|
0-0: Ball 1-0: Ball Wild Pitch! Antonio Vallez to second 2-0: Called Strike 2-1: Called Strike 2-2: Ground out 3-1 (Groundball, 34S, EV 85.6 MPH) Antonio Vallez to third
|
|
Batting: RHB Jessie Fisher
|
0-0: Swinging Strike Passed Ball! Antonio Vallez scores 0-1: Hit by Pitch
|
|
Batting: RHB Jelexiz Cuenca
|
0-0: Called Strike 0-1: Ball 1-1: 2-RUN HOME RUN (Flyball, 89XD, EV 105.6 MPH), Distance : 418 ft
|
|
Pitching: RHP Kyle Moser
|
|
|
Batting: RHB Jason Ewert
|
0-0: Called Strike 0-1: Ball 1-1: Foul Ball, location: 2F 1-2: Ground out U3 (Groundball, 3, EV 85.6 MPH)
|
|
Batting: LHB Elias Posada
|
0-0: Ball 1-0: Ball 2-0: Ground out U3 (Groundball, 34, EV 85.6 MPH)
|
| Bottom of the 9th over - 3 runs, 1 hit, 0 errors, 0 left on base; Kingsport 17 - Washington (APP) 13 |
|